TOP OF THE 1ST |
Detroit Red Wings batting - Pitching for London Majors : RHP Mike Swainston
|
Pitching: RHP Mike Swainston
|
|
Batting: RHB António Scarlett
|
0-0: Called Strike 0-1: Called Strike 0-2: Strikes out looking
|
Batting: RHB Felipe Torres
|
0-0: Ball 1-0: Called Strike 1-1: Fly out, F9 (Flyball, 9D, EV 107.5 MPH)
|
Batting: LHB Duda Pinho
|
0-0: Ball 1-0: Fly out, F9 (Flyball, 89D, EV 106.9 MPH)
|
Top of the 1st over - 0 runs, 0 hits, 0 errors, 0 left on base; Detroit 0 - London 0 |
BOTTOM OF THE 1ST |
London Majors batting - Pitching for Detroit Red Wings : LHP John Patrick
|
Pitching: LHP John Patrick
|
|
Batting: RHB Carlos Viera
|
0-0: Called Strike 0-1: Foul Ball, location: 2F 0-2: Ball 1-2: SINGLE (Groundball, 6MD, EV 106.2 MPH)
|
Batting: RHB Tom Bergman
|
0-0: Ball 1-0: Called Strike 1-1: Foul Ball, location: 2F 1-2: Ball 2-2: Ball 3-2: Strikes out swinging
|
Batting: RHB Adler Cananis
|
0-0: Ball 1-0: Ball 2-0: Called Strike 2-1: Foul Ball, location: 2F 2-2: Ball 3-2: Foul Ball, location: 2F 3-2: Foul Ball, location: 2F 3-2: Base on Balls Carlos Viera to second
|
Pitching: RHP Steve Riley
|
|
Batting: SHB Miguel Sano Jr.
|
0-0: Called Strike 0-1: Ball 1-1: Ball 2-1: Called Strike 2-2: Strikes out swinging
|
Batting: LHB Trevor Durbin
|
0-0: Ball 1-0: Ball 2-0: Called Strike 2-1: Foul Ball, location: 2F 2-2: Ball 3-2: Foul Ball, location: 2F 3-2: Fly out, F7 (Line Drive, 78D, EV 90.6 MPH)
|
Bottom of the 1st over - 0 runs, 1 hit, 0 errors, 2 left on base; Detroit 0 - London 0 |
TOP OF THE 2ND |
Detroit Red Wings batting - Pitching for London Majors : RHP Mike Swainston
|
Batting: LHB Ryan Adams
|
0-0: Called Strike 0-1: Ball 1-1: Ball 2-1: Foul Ball, location: 2F 2-2: Ball 3-2: Foul Ball, location: 2F 3-2: Fly out, F7 (Flyball, 7D, EV 102.5 MPH)
|
Batting: RHB Harry Tugnut
|
0-0: Ball 1-0: Called Strike 1-1: Called Strike 1-2: Strikes out swinging
|
Batting: SHB Salvador Lacosta
|
0-0: Fly out, F5 (Popup, 5SF, EV 73.8 MPH)
|
Top of the 2nd over - 0 runs, 0 hits, 0 errors, 0 left on base; Detroit 0 - London 0 |
BOTTOM OF THE 2ND |
London Majors batting - Pitching for Detroit Red Wings : RHP Steve Riley
|
Batting: LHB Danny Hamilton
|
0-0: Ground out 5-3 (Groundball, 56, EV 110.6 MPH)
|
Batting: SHB John Webb
|
0-0: Called Strike 0-1: Foul Ball, location: 2F 0-2: Ball 1-2: Foul Ball, location: 2F 1-2: Ball 2-2: Ball 3-2: Strikes out swinging
|
Batting: LHB Seth Garrigan
|
0-0: Ball 1-0: Ball 2-0: Ball 3-0: Base on Balls
|
Batting: RHB Jerry Perez
|
0-0: Foul Ball, location: 2F 0-1: DOUBLE (Flyball, 89D, EV 108.8 MPH) Seth Garrigan to third Runner from 3rd tries for Home, SAFE, throw by CF to home
|
Batting: RHB Carlos Viera
|
0-0: Fly out, F8 (Line Drive, 8RM, EV 105.0 MPH)
|
Bottom of the 2nd over - 1 run, 1 hit, 0 errors, 1 left on base; Detroit 0 - London 1 |
TOP OF THE 3RD |
Detroit Red Wings batting - Pitching for London Majors : RHP Mike Swainston
|
Batting: RHB Carlos Avila
|
0-0: Swinging Strike 0-1: Swinging Strike 0-2: Ball 1-2: Strikes out swinging
|
Batting: RHB Jason LeBlanc
|
0-0: Ball 1-0: Foul Ball, location: 2F 1-1: Swinging Strike 1-2: Ball 2-2: Hit by Pitch
|
Batting: RHB Victor Acuna
|
0-0: Foul Ball, location: 2F 0-1: Foul Ball, location: 2F 0-2: Ball 1-2: Fly out, F9 (Flyball, 9, EV 96.2 MPH)
|
Batting: RHB António Scarlett
|
0-0: Foul Ball, location: 2F 0-1: Ball 1-1: 2-RUN HOME RUN (Flyball, 78XD, EV 99.4 MPH), Distance : 410 ft
|
Batting: RHB Felipe Torres
|
0-0: Ground out 4-3 (Groundball, 4, EV 109.4 MPH)
|
Top of the 3rd over - 2 runs, 1 hit, 0 errors, 0 left on base; Detroit 2 - London 1 |
BOTTOM OF THE 3RD |
London Majors batting - Pitching for Detroit Red Wings : RHP Steve Riley
|
Batting: RHB Tom Bergman
|
0-0: Swinging Strike 0-1: Swinging Strike 0-2: Ball 1-2: Strikes out swinging
|
Batting: RHB Adler Cananis
|
0-0: Ball 1-0: Swinging Strike 1-1: Ball 2-1: Ball 3-1: Called Strike 3-2: Foul Ball, location: 2F 3-2: Foul Ball, location: 2F 3-2: Ground out 4-3 (Groundball, 4, EV 83.1 MPH)
|
Batting: SHB Miguel Sano Jr.
|
0-0: Swinging Strike 0-1: Called Strike 0-2: Foul Ball, location: 2F 0-2: Ball 1-2: Ball 2-2: Strikes out swinging, 2-3 out at first.
|
Bottom of the 3rd over - 0 runs, 0 hits, 0 errors, 0 left on base; Detroit 2 - London 1 |
TOP OF THE 4TH |
Detroit Red Wings batting - Pitching for London Majors : RHP Mike Swainston
|
Batting: LHB Duda Pinho
|
0-0: Swinging Strike 0-1: Ball 1-1: Ball 2-1: Foul Ball, location: 2F 2-2: Foul Ball, location: 2F 2-2: Ground out 4-3 (Groundball, 4, EV 98.8 MPH)
|
Batting: LHB Ryan Adams
|
0-0: Ball 1-0: Called Strike 1-1: Ball 2-1: Ball 3-1: Foul Ball, location: 2F 3-2: Base on Balls
|
Batting: RHB Harry Tugnut
|
0-0: Called Strike 0-1: Foul Ball, location: 2F 0-2: Strikes out swinging
|
Batting: SHB Salvador Lacosta
|
0-0: Swinging Strike 0-1: Foul Ball, location: 2F 0-2: Strikes out swinging
|
Top of the 4th over - 0 runs, 0 hits, 0 errors, 1 left on base; Detroit 2 - London 1 |
BOTTOM OF THE 4TH |
London Majors batting - Pitching for Detroit Red Wings : RHP Steve Riley
|
Batting: LHB Trevor Durbin
|
0-0: Called Strike 0-1: Foul Ball, location: 2F 0-2: Ball 1-2: Strikes out swinging
|
Batting: LHB Danny Hamilton
|
0-0: Fly out, F7 (Line Drive, 7, EV 106.9 MPH)
|
Batting: SHB John Webb
|
0-0: Called Strike 0-1: Called Strike 0-2: Foul Ball, location: 2F 0-2: Strikes out swinging
|
Bottom of the 4th over - 0 runs, 0 hits, 0 errors, 0 left on base; Detroit 2 - London 1 |
TOP OF THE 5TH |
Detroit Red Wings batting - Pitching for London Majors : RHP Mike Swainston
|
Batting: RHB Carlos Avila
|
0-0: Ball 1-0: Called Strike 1-1: Ball 2-1: Ball 3-1: Foul Ball, location: 2F 3-2: Base on Balls
|
Batting: RHB Jason LeBlanc
|
0-0: Ball 1-0: Called Strike 1-1: SINGLE (Line Drive, 8LS, EV 108.8 MPH) Carlos Avila to second
|
Batting: RHB Victor Acuna
|
0-0: Ball 1-0: Ball 2-0: Called Strike 2-1: Ball 3-1: Foul Ball, location: 2F 3-2: Foul Ball, location: 2F 3-2: Foul Ball, location: 2F 3-2: 3-RUN HOME RUN (Flyball, 7D, EV 99.4 MPH), Distance : 395 ft
|
Pitching: RHP Aaron Meiggs
|
|
Batting: RHB António Scarlett
|
0-0: Called Strike 0-1: Foul Ball, location: 2F 0-2: Ground out 6-3 (Groundball, 56, EV 77.5 MPH)
|
Batting: RHB Felipe Torres
|
0-0: Foul Ball, location: 2F 0-1: Ball 1-1: Foul Ball, location: 2F 1-2: Strikes out looking
|
Batting: LHB Duda Pinho
|
0-0: Swinging Strike 0-1: Fly out, F7 (Flyball, 7LM, EV 91.2 MPH)
|
Top of the 5th over - 3 runs, 2 hits, 0 errors, 0 left on base; Detroit 5 - London 1 |
BOTTOM OF THE 5TH |
London Majors batting - Pitching for Detroit Red Wings : RHP Steve Riley
|
Batting: LHB Seth Garrigan
|
0-0: Foul Ball, location: 2F 0-1: Foul Ball, location: 2F 0-2: Foul Ball, location: 2F 0-2: Strikes out looking
|
Pinch Hitting: RHB Victor Ortiz
|
0-0: Ball 1-0: Foul Ball, location: 2F 1-1: Ball 2-1: Called Strike 2-2: Foul Ball, location: 2F 2-2: Strikes out swinging
|
Batting: RHB Carlos Viera
|
0-0: Swinging Strike 0-1: Ball 1-1: Ball 2-1: Foul Ball, location: 2F 2-2: Foul Ball, location: 2F 2-2: Fly out, F7 (Flyball, 7, EV 85.0 MPH)
|
Bottom of the 5th over - 0 runs, 0 hits, 0 errors, 0 left on base; Detroit 5 - London 1 |
TOP OF THE 6TH |
Detroit Red Wings batting - Pitching for London Majors : RHP Aaron Meiggs
|
Now at 2B: Carlos Viera
|
|
Now at SS: Hanley Hernandez
|
|
Batting: LHB Ryan Adams
|
0-0: Foul Ball, location: 2F 0-1: Ball 1-1: Ball 2-1: Foul Ball, location: 2F 2-2: Foul Ball, location: 2F 2-2: Ball 3-2: Foul Ball, location: 2F 3-2: SINGLE (Groundball, 6MD, EV 98.1 MPH)
|
Batting: RHB Harry Tugnut
|
0-0: Ball 1-0: DOUBLE (Line Drive, 9LS, EV 95.0 MPH) Ryan Adams to third
|
Batting: SHB Salvador Lacosta
|
0-0: Foul Ball, location: 2F 0-1: Called Strike 0-2: Ball 1-2: Strikes out swinging
|
Batting: RHB Carlos Avila
|
0-0: Intentional Walk
|
Batting: RHB Jason LeBlanc
|
0-0: Fly out, F8 (Flyball, 8LM, EV 84.4 MPH)
|
Batting: RHB Victor Acuna
|
0-0: SINGLE (Groundball, 6MD, EV 102.5 MPH) Ryan Adams scores Harry Tugnut to third Carlos Avila to second Runner from 3rd tries for Home, throw by CF and OUT! 8-2
|
Top of the 6th over - 1 run, 3 hits, 0 errors, 2 left on base; Detroit 6 - London 1 |
BOTTOM OF THE 6TH |
London Majors batting - Pitching for Detroit Red Wings : RHP Steve Riley
|
Pitching: RHP Antonio Hernandez
|
|
Batting: RHB Tom Bergman
|
0-0: Swinging Strike 0-1: Foul Ball, location: 2F 0-2: Strikes out looking
|
Batting: RHB Adler Cananis
|
0-0: Swinging Strike 0-1: Ball 1-1: Foul Ball, location: 2F 1-2: Ball 2-2: Ground out 1-3 (Groundball, 34S, EV 66.9 MPH)
|
Batting: SHB Miguel Sano Jr.
|
0-0: Foul Ball, location: 2F 0-1: Ball 1-1: Foul Ball, location: 2F 1-2: Ball 2-2: Foul Ball, location: 2F 2-2: Ball 3-2: Strikes out swinging
|
Bottom of the 6th over - 0 runs, 0 hits, 0 errors, 0 left on base; Detroit 6 - London 1 |
TOP OF THE 7TH |
Detroit Red Wings batting - Pitching for London Majors : RHP Aaron Meiggs
|
Batting: RHB António Scarlett
|
0-0: Called Strike 0-1: Foul Ball, location: 2F 0-2: Ball 1-2: Foul Ball, location: 2F 1-2: Foul Ball, location: 2F 1-2: Foul Ball, location: 2F 1-2: Foul Ball, location: 2F 1-2: Ball 2-2: Foul Ball, location: 2F 2-2: Foul Ball, location: 2F 2-2: Ball 3-2: SINGLE (Groundball, 23, EV 64.4 MPH) (infield hit)
|
Pitching: LHP Gideon Wood
|
|
Batting: RHB Felipe Torres
|
0-0: Ball 1-0: Called Strike António Scarlett steals 2nd base 1-1: Ball 2-1: Swinging Strike 2-2: Strikes out swinging
|
Batting: LHB Duda Pinho
|
0-0: Ground out 6-3 (Groundball, 6, EV 88.8 MPH) António Scarlett to third
|
Batting: LHB Ryan Adams
|
0-0: Called Strike 0-1: Ball 1-1: Ball 2-1: Ball 3-1: SINGLE (Flyball, 56D, EV 91.9 MPH) António Scarlett scores
|
Batting: RHB Harry Tugnut
|
0-0: Ball 1-0: Ground out 5-3 (Groundball, 56S, EV 65.6 MPH)
|
Top of the 7th over - 1 run, 2 hits, 0 errors, 1 left on base; Detroit 7 - London 1 |
BOTTOM OF THE 7TH |
London Majors batting - Pitching for Detroit Red Wings : RHP Antonio Hernandez
|
Batting: LHB Trevor Durbin
|
0-0: Swinging Strike 0-1: Ball 1-1: Foul Ball, location: 2F 1-2: Ball 2-2: Strikes out swinging
|
Batting: LHB Danny Hamilton
|
0-0: SINGLE (Groundball, 34D, EV 107.5 MPH)
|
Batting: SHB John Webb
|
0-0: Called Strike 0-1: Swinging Strike 0-2: Foul Ball, location: 2F 0-2: Ball 1-2: Strikes out swinging
|
Batting: LHB Seth Garrigan
|
0-0: Called Strike 0-1: Foul Ball, location: 2F 0-2: Ball 1-2: Strikes out swinging
|
Bottom of the 7th over - 0 runs, 1 hit, 0 errors, 1 left on base; Detroit 7 - London 1 |
TOP OF THE 8TH |
Detroit Red Wings batting - Pitching for London Majors : LHP Gideon Wood
|
Batting: SHB Salvador Lacosta
|
0-0: Called Strike 0-1: Swinging Strike 0-2: Ball 1-2: Ball 2-2: Ground out U3 (Groundball, 3, EV 100.6 MPH)
|
Batting: RHB Carlos Avila
|
0-0: Swinging Strike 0-1: Called Strike 0-2: SINGLE (Line Drive, 6MD, EV 96.2 MPH)
|
Pitching: LHP Kenny Russell
|
|
Batting: RHB Jason LeBlanc
|
0-0: Ball 1-0: Called Strike 1-1: Foul Ball, location: 2F 1-2: Strikes out swinging
|
Batting: RHB Victor Acuna
|
0-0: Ball 1-0: Ball 2-0: Foul Ball, location: 2F 2-1: Ground out 4-3 (Groundball, 34D, EV 88.1 MPH)
|
Top of the 8th over - 0 runs, 1 hit, 0 errors, 1 left on base; Detroit 7 - London 1 |
BOTTOM OF THE 8TH |
London Majors batting - Pitching for Detroit Red Wings : RHP Antonio Hernandez
|
Pinch Hitting: RHB King Pinsent
|
0-0: Ball 1-0: Called Strike 1-1: Ball 2-1: Swinging Strike 2-2: Ball 3-2: Foul Ball, location: 2F 3-2: Strikes out swinging
|
Batting: RHB Carlos Viera
|
0-0: Ball 1-0: Called Strike 1-1: Ground out 6-3 (Groundball, 6, EV 78.8 MPH)
|
Batting: RHB Tom Bergman
|
0-0: Called Strike 0-1: Ball 1-1: Fly out, F8 (Flyball, 8LM, EV 90.6 MPH)
|
Bottom of the 8th over - 0 runs, 0 hits, 0 errors, 0 left on base; Detroit 7 - London 1 |
TOP OF THE 9TH |
Detroit Red Wings batting - Pitching for London Majors : LHP Kenny Russell
|
Now at SS: Bill Hall
|
|
Batting: RHB António Scarlett
|
0-0: Ball 1-0: Foul Ball, location: 2F 1-1: Swinging Strike 1-2: Foul Ball, location: 2F 1-2: Foul Ball, location: 2F 1-2: Foul Ball, location: 2F 1-2: Foul Ball, location: 2F 1-2: Ball 2-2: Ground out 5-3 (Groundball, 5, EV 84.4 MPH)
|
Batting: RHB Felipe Torres
|
0-0: Ball 1-0: Called Strike 1-1: Ball 2-1: Ball 3-1: Called Strike 3-2: Strikes out swinging
|
Batting: LHB Duda Pinho
|
0-0: DOUBLE (Line Drive, 9LM, EV 108.8 MPH)
|
Batting: LHB Ryan Adams
|
0-0: Called Strike 0-1: Called Strike 0-2: Ground out 4-3 (Groundball, 13, EV 84.4 MPH)
|
Top of the 9th over - 0 runs, 1 hit, 0 errors, 1 left on base; Detroit 7 - London 1 |
BOTTOM OF THE 9TH |
London Majors batting - Pitching for Detroit Red Wings : RHP Antonio Hernandez
|
Batting: RHB Adler Cananis
|
0-0: Ball 1-0: Ball 2-0: Ball 3-0: Called Strike 3-1: Base on Balls
|
Pitching: LHP Jake Heller
|
|
Pinch Hitting: LHB Salvador Ramos
|
0-0: Called Strike 0-1: Foul Ball, location: 2F 0-2: Ball 1-2: Ball 2-2: Grounds into double play, 4-6-3 (Groundball, 34, EV 83.1 MPH)
|
Batting: LHB Trevor Durbin
|
0-0: Called Strike 0-1: Ball 1-1: Foul Ball, location: 2F 1-2: Ground out U3 (Groundball, 3L, EV 83.1 MPH)
|
Bottom of the 9th over - 0 runs, 0 hits, 0 errors, 0 left on base; Detroit 7 - London 1 |
|